AoeStats
← GoldPhantom

Nomad

507533487Analyzed
4v4 RM · 15d ago on Sep 18, 2026· 37m 7s· 8 players
Game mode
Random Map
Map size
231×231
Population
200
Speed
Normal
Resources
Standard
Victory
Conquest
Starting age
Dark Age
Ending age
Imperial Age
RankedLock teamsTeams togetherTeam positionsShared explorationLock speedFull tech treeHidden civsTurbo modeCheats
Victory
Defeat
🇨🇳 Spanish · China
974
+13
🇹🇼 Saracens · Taiwan
923
+15
🇨🇱 Malay · Chile
877
+17
🇩🇪 Burmese · Germany
824
+19
🇭🇰 Ethiopians · Hong Kong SAR China
918
-17
🇰🇼 Saracens · Kuwait
917
-17
🇨🇭 Japanese · Switzerland
883
-15
🇫🇷 Celts · France
865
-15
francis le tueur
27:17 Feudal Age
Internet User
3:53 Loom
16:17 Feudal Age
20:05 Double-Bit Axe
20:36 Forging
20:27 Scale Mail Armor
22:19 Stone Mining
24:30 Castle Age
21:59 Man-at-Arms
23:49 Gold Mining
23:51 Arson
24:59 Fletching
24:53 Horse Collar
25:26 Bow Saw
24:43 Long Swordsman
25:12 Gambesons
26:39 Squires
29:21 Yasama
34:28 Wheelbarrow
Slayer953662
12:54 Loom
15:16 Feudal Age
16:50 Wheelbarrow
17:13 Double-Bit Axe
17:40 Fishing Lines
20:35 Gold Mining
23:31 Castle Age
23:05 Stone Mining
24:37 Bow Saw
24:55 Hand Cart
27:10 Gold Shaft Mining
26:54 Horse Collar
27:47 Fletching
28:29 Bodkin Arrow
29:41 Bloodlines
29:46 Forging
30:23 Husbandry
31:49 Scale Barding Armor
GoldPhantom
6:19 Loom
15:56 Feudal Age
16:26 Double-Bit Axe
26:25 Castle Age
25:31 Horse Collar
26:33 Wheelbarrow
26:08 Fletching
26:33 Crossbowman
27:28 Bow Saw
27:59 Squires
29:28 Forging
29:10 Town Watch
30:20 Scale Mail Armor
30:59 Stone Mining
33:00 Bodkin Arrow
33:06 Padded Archer Armor
34:22 Ballistics
34:55 Hand Cart
Hoodie Melo
5:38 Loom
16:17 Feudal Age
17:15 Fishing Lines
18:39 Wheelbarrow
17:50 Town Watch
21:05 Castle Age
18:50 Horse Collar
24:49 Medium Warships
25:02 Town Watch
25:37 Scale Barding Armor
25:42 Forging
26:53 Hand Cart
26:38 Town Patrol
27:25 Gillnets
28:08 Chain Barding Armor
28:23 Iron Casting
29:52 Stone Mining
30:45 Fletching
31:05 Gold Mining
32:36 Bodkin Arrow
35:05 Heavy Plow
36:23 Gold Shaft Mining
36:29 Ballistics
36:19 Masonry
36:05 Murder Holes
36:29 Bodkin Arrow
37:46 Padded Archer Armor
Cdaa Axsk
10:21 Loom
15:24 Feudal Age
16:08 Double-Bit Axe
21:20 Castle Age
20:27 Stone Mining
22:50 Fishing Lines
23:57 Bow Saw
24:51 Wheelbarrow
25:31 Gillnets
26:56 Caravan
27:43 Hand Cart
27:21 Gold Mining
29:41 Gold Shaft Mining
33:12 Imperial Age
32:17 Medium Warships
34:01 Forging
33:57 Scale Barding Armor
34:58 Chemistry
34:19 Ballistics
35:15 Masonry
35:44 Iron Casting
35:28 Elite Mameluke
阿森
8:13 Loom
15:49 Feudal Age
16:21 Town Watch
17:59 Fletching
18:11 Double-Bit Axe
18:08 Horse Collar
19:49 Fishing Lines
24:24 Castle Age
26:04 Bow Saw
25:56 Heavy Plow
25:47 Gillnets
26:44 Padded Archer Armor
26:40 Bodkin Arrow
26:51 Husbandry
27:02 Bloodlines
28:19 Wheelbarrow
28:10 Leather Archer Armor
27:52 Bodkin Arrow
31:54 Ballistics
31:45 Scale Barding Armor
32:14 Hand Cart
37:12 Masonry
39:37 Imperial Age
36:39 Light Cavalry
Juan Carlos Bodoque
4:33 Loom
13:40 Feudal Age
13:27 Town Watch
13:39 Fishing Lines
18:31 Wheelbarrow
18:27 Fletching
19:14 Stone Mining
19:15 Gold Mining
22:56 Forging
25:25 Castle Age
24:39 Double-Bit Axe
25:15 Forging
25:00 Bodkin Arrow
26:36 Arson
29:12 Iron Casting
29:46 Thalassocracy
30:44 Bow Saw
31:15 Gillnets
32:44 Squires
Connection lost

Rejoining the realm…

Still unreachable

The connection could not be restored.

Session expired

The server has moved on; the page needs a fresh start.